 Dungeon Crawl Stone Soup version 0.20.1-1-g8b1a95d (webtiles) character file.

73 Saithnar the Shield-Bearer (level 4, -13/28 HPs)
             Began as a Gargoyle Fighter on Aug 18, 2017.
             Blown up by Ijyb (19 damage)
             ... with a wand of disintegration (?/24)
             ... on level 3 of the Dungeon.
             The game lasted 00:08:01 (1685 turns).

Saithnar the Shield-Bearer (Gargoyle Fighter)       Turns: 1685, Time: 00:08:01

Health: -13/28     AC: 11    Str: 26    XL:     4   Next: 27%
Magic:  4/4        EV:  8    Int:  8    God:
Gold:   25         SH: 10    Dex:  9    Spells: 3/3 levels left

rFire    . . .     SeeInvis .   a - +0 flail
rCold    . . .     Gourm    .   c - +0 shield
rNeg     + . .     Faith    .   b - +0 scale mail
rPois    ∞         Spirit   .   (no helmet)
rElec    +         Reflect  .   (no cloak)
rCorr    .         Harm     .   (no gloves)
MR       .....                  s - +0 pair of boots
Stlth    ..........             h - amulet of rage
Regen    0.1/turn               (no ring)
MPRegen  0.1/turn               (no ring)

@: mighty, invisible
A: negative energy resistance 1, electricity resistance, unbreathing,
petrification resistance, rot immunity, AC +3
a: Evoke Berserk Rage


You were on level 3 of the Dungeon.
You were not hungry.

You visited 1 branch of the dungeon, and saw 3 of its levels.

You collected 25 gold pieces.

Inventory:

Hand Weapons
 a - a +0 flail (weapon)
 e - a +0 dagger
 i - a +0 whip
 n - a +0 whip
 r - a cursed -2 spear
 y - a +0 spear
Armour
 b - a +0 scale mail (worn)
 c - a +0 shield (worn)
 m - a +0 ring mail
 s - a +0 pair of boots (worn)
Jewellery
 h - an amulet of rage (around neck)
Wands
 v - a wand of confusion (18/48)
Scrolls
 j - a scroll of recharging {unknown}
 k - 5 scrolls of identify
 l - 3 scrolls of immolation
 q - a scroll of enchant armour {unknown}
 t - a scroll of fog {unknown}
 u - a scroll of teleportation {unknown}
Potions
 d - a potion of might
 o - a potion of curing {unknown}
 w - a potion of brilliance
 x - a potion of mutation {unknown}
Comestibles
 f - a bread ration
 g - 3 fruits
 z - a chunk of flesh


   Skills:
 + Level 3.6 Fighting
 + Level 2.8 Maces & Flails
 + Level 3.7 Armour
 + Level 0.8 Dodging
 + Level 4.0 Shields


You had 3 spell levels left.
You didn't know any spells.

Dungeon Overview and Level Annotations

Branches:
Dungeon (3/15)

Altars:

Annotations:
D:3 Ijyb


Innate Abilities, Weirdness & Mutations

You are resistant to torment.
Your stone body is resilient. (AC +3)
You are immune to poison.
You resist negative energy. (rN+)
You are resistant to electric shocks. (rElec)
You can survive without breathing.
You are immune to petrification.
You are immune to rotting.


Message History

You see here a bread ration.
You see here 20 sling bullets.
Ijyb is nearby!
You feel very mighty all of a sudden. Ijyb screams, "I cut your head off!"
You see here a bread ration.
You barely miss Ijyb. Ijyb hits you but does no damage.
You closely miss Ijyb. Ijyb hits you but does no damage.
You bludgeon Ijyb!!
Ijyb is almost dead.
Ijyb zaps a wand.
You are blasted!
* * * LOW HITPOINT WARNING * * *
Ijyb hits you with a club.
* * * LOW HITPOINT WARNING * * *
You fail to use your ability.
Ijyb drinks a potion.
Ijyb is healed!
You fade into invisibility!
Ijyb grins evilly.
Ijyb zaps a wand.
You are blasted!
Ouch! That really hurt!
You die...

######### .(......#
........#
........##############.
.......@g.....)...(....
.......(####..).######
#+####### #.##.....<#
#.######### #g.......
..####### .... ....#
..####


You could see Ijyb.

Vanquished Creatures
  An adder (D:2)
  An ooze (D:2)
  A dart slug (D:2)
  3 leopard geckos
  2 orcs
  A giant cockroach (D:1)
  A goblin (D:1)
  9 hobgoblins
  A quokka (D:2)
  2 ball pythons
  7 bats
  3 frilled lizards
  13 kobolds
  7 rats
52 creatures vanquished.

Notes
Turn   | Place    | Note
-------+----------+-------------------------------------------
     0 | D:1      | Saithnar the Gargoyle Fighter began the quest for the Orb.
     0 | D:1      | Reached XP level 1. HP: 14/14 MP: 1/1
   284 | D:1      | Reached XP level 2. HP: 19/19 MP: 2/2
   813 | D:2      | Reached XP level 3. HP: 23/23 MP: 3/3
  1158 | D:2      | Reached skill level 4 in Shields
  1205 | D:2      | Reached XP level 4. HP: 25/28 MP: 4/4
  1665 | D:3      | Noticed Ijyb
  1685 | D:3      | Blown up by Ijyb

Skill      XL: |  1  2  3 |
---------------+----------+-----
Shields        | 4 |  4.0
Fighting       | |  3.6
Maces & Flails | |  2.8
Armour         | |  3.7
Dodging        | |  0.8

Action                   |  1- 3 |  4- 6 || total
-------------------------+-------+-------++-------
Melee: Flail             |   166 |    58 ||   224
  Use: Potion            |     1 |     2 ||     3
       Scroll            |     2 |       ||     2
  Eat: Bread ration      |     1 |       ||     1
Armor: Scale mail        |   139 |    30 ||   169
Dodge: Dodged            |    93 |    11 ||   104
Block: Shield            |   132 |    35 ||   167
